AoeStats
← maimadana

Fortress

510351258Analyzed
1v1 RM · 2d ago on Sep 30, 2026· 27m 48s· 2 players
Game mode
Random Map
Map size
Small (3 player)
Population
200
Speed
Normal
Resources
Standard
Victory
Conquest
Starting age
Dark Age
Ending age
Imperial Age
RankedLock teamsTeams togetherTeam positionsShared explorationLock speedFull tech treeHidden civsTurbo modeCheats
Victory
Defeat
🇧🇷 Turks · Brazil
838
+16
🇨🇿 Bohemians · Czechia
843
-18
ycetra
9:24 Feudal Age
14:24 Castle Age
12:26 Double-Bit Axe
12:33 Gold Mining
19:09 Imperial Age
18:51 Padded Archer Armor
26:49 Wheelbarrow
27:44 Leather Archer Armor
maimadana
1:29 Loom
8:16 Feudal Age
8:46 Double-Bit Axe
8:42 Horse Collar
13:29 Castle Age
12:52 Padded Archer Armor
13:26 Fletching
15:00 Bow Saw
17:02 Heavy Plow
18:32 Crossbowman
19:52 Ballistics
21:58 Chemistry
24:33 Imperial Age
25:26 Elite Skirmisher
26:56 Leather Archer Armor
Connection lost

Rejoining the realm…

Still unreachable

The connection could not be restored.

Session expired

The server has moved on; the page needs a fresh start.